 Dungeon Crawl Stone Soup version 0.16.2-2-g470672f (webtiles) character file.

107 Enish the Ruffian (level 4, -4/35 HPs)
             Began as a Draconian Transmuter on Aug 23, 2015.
             Slain by a river rat (5 damage)
             ... in a sewer.
             The game lasted 00:14:21 (2683 turns).

Enish the Ruffian (Draconian Transmuter)            Turns: 2683, Time: 00:14:21

Health: -4/35      AC:  5    Str: 14    XL:     4   Next: 56%
Magic:  0/6        EV: 17    Int: 13    God:
Gold:   188        SH:  0    Dex: 16    Spells: 2 memorised, 4 levels left

rFire  . . .     SeeInvis .     b - 68 arrows
rCold  + . .     Clarity  .     (armour unavailable)
rNeg   . . .     SustAb   .     (no shield)
rPois  +         Gourm    .     (helmet restricted)
rElec  .         Spirit   +     (no cloak)
rCorr  .         Warding  .     (no gloves)
rMut   .         Stasis   .     (no boots)
MR     .....                    j - amulet of guardian spirit
Stlth  +.........               c - ring of protection from cold
                                (no ring)

@: agile, very slightly contaminated, not resistant to hostile enchantments,
very unstealthy
A: unfitting armour, beak, low mp 1, poison resistance, wild magic 1,
cold-blooded, AC +5
a: no special abilities


You were in a sewer.
You were hungry.

You visited 1 branch of the dungeon, and saw 4 of its levels.
You also visited: Sewer.

You collected 188 gold pieces.

Inventory:

Hand weapons
 o - a +0 blowgun
Missiles
 b - 68 arrows (in hand)
 p - 2 curare-tipped needles
Jewellery
 c - a ring of protection from cold (right hand)
 i - an uncursed ring of ice
 j - an amulet of guardian spirit (around neck)
Scrolls
 k - a scroll of fog {unknown}
 m - a scroll of enchant weapon
Potions
 g - a potion of invisibility
Books
 d - a book of Changes

   Spells                             Type                      Level
   a - Beastly Appendage              Transmutation                1
   b - Sticks to Snakes               Transmutation                2
   c - Spider Form                    Transmutation/Poison         3
   d - Ice Form                       Ice/Transmutation            4
   e - Blade Hands                    Transmutation                5
Comestibles
 a - 3 bread rations
 f - 8 fruits
 h - 3 meat rations
 l - a royal jelly


   Skills:
 - Level 1.1 Fighting
 - Level 1.7 Dodging
 * Level 5.4 Unarmed Combat
 - Level 2.0 Spellcasting
 - Level 2.0 Transmutations


You had 4 spell levels left.
You knew the following spells:

 Your Spells              Type           Power        Failure   Level  Hunger
a - Beastly Appendage     Trmt           #.....       22%         1    ##.....
b - Sticks to Snakes      Trmt           #.........   30%         2    ###....


Dungeon Overview and Level Annotations

Branches:
Dungeon (4/15)
 Temple: D:4-7

Altars:

Annotations:
D:3 aliceinspace's ghost, average GrWz


Innate Abilities, Weirdness & Mutations

Your plain brown scales are hard (AC +5).
Your body does not fit into most forms of armour.
Your cold-blooded metabolism reacts poorly to cold.
You have a beak for a mouth.
Your magical capacity is low (-10% MP).
Your system is resistant to poisons.
Your spells are a little harder to cast, but a little more powerful.


Message History

Moving in this stuff is going to be slow.
The river rat misses your ball python.
Your ball python bites the river rat but does no damage.
Your ball python grabs the river rat.
Your ball python constricts the river rat.
The river rat bites your ball python.
Your ball python dies!
You enter the shallow water.
Moving in this stuff is going to be slow.
You enter the shallow water.
Moving in this stuff is going to be slow.
The river rat closely misses you. The river rat closely misses you.
Drink which item? (? for menu, Esc to quit)
You feel agile all of a sudden. The river rat closely misses you.
The river rat bites you.
* * * LOW HITPOINT WARNING * * *
The river rat bites you.
You die...

## # #.## #.#† ##.# ##.#.
###########################≈###
#∩..≈≈.≈≈≈...≈≈≈≈≈≈≈.≈≈.≈...≈.≈
#∩..≈.≈.≈..≈≈.@r≈≈≈≈≈.≈....≈...
###############################


You could see a river rat.

Vanquished Creatures
  A river rat (Sewer)
  An adder (D:3)
  A giant mite (D:3)
  A worm (D:3)
  An adder skeleton (D:4)
  2 giant geckos
  An ooze (D:3)
  8 goblins
  10 hobgoblins
  14 kobolds
  A quokka (D:1)
  3 ball pythons
  6 bats
  3 giant cockroaches
  6 giant newts
  7 rats
66 creatures vanquished.

Vanquished Creatures (collateral kills)
  A worm (D:3)
  A ball python (Sewer)
2 creatures vanquished.

Grand Total: 68 creatures vanquished

Notes
Turn   | Place    | Note
--------------------------------------------------------------
     0 | D:1      | Enish, the Draconian Transmuter, began the quest for the Orb.
     0 | D:1      | Reached XP level 1. HP: 16/16 MP: 3/3
   359 | D:1      | Reached XP level 2. HP: 18/23 MP: 4/4
   597 | D:1      | Reached skill level 4 in Unarmed Combat
  1074 | D:2      | Reached XP level 3. HP: 28/28 MP: 4/6
  1164 | D:2      | Learned a level 2 spell: Sticks to Snakes
  1712 | D:3      | Gained mutation: Your spells are a little harder to cast, but a little more powerful. [potion of beneficial mutation]
  1749 | D:3      | Noticed aliceinspace's ghost (average GrWz)
  2132 | D:3      | Reached XP level 4. HP: 20/35 MP: 4/7
  2181 | D:3      | Reached skill level 5 in Unarmed Combat
  2258 | D:3      | Gained mutation: You have a beak for a mouth. [potion of mutation]
  2258 | D:3      | Gained mutation: Your magical capacity is low (-10% MP). [potion of mutation]
  2258 | D:3      | Gained mutation: Your system is resistant to poisons. [potion of mutation]
  2373 | D:3      | Found a glowing drain.
  2377 | Sewer    | Entered a sewer
  2681 | Sewer    | HP: 1/35 [river rat (3)]
  2683 | Sewer    | Slain by a river rat

Action                   |  1- 3 |  4- 6 || total
-------------------------+-------+-------++-------
Melee: Unarmed           |   177 |    54 ||   231
 Cast: Beastly Appendage |    22 |     2 ||    24
       Sticks to Snakes  |     2 |     5 ||     7
  Use: Scroll            |     6 |     1 ||     7
       Potion            |     1 |     4 ||     5
 Stab: Sleeping          |     1 |       ||     1
  Eat: Fruit             |     2 |       ||     2
       Chunk             |     1 |     2 ||     3
       Pizza             |     1 |       ||     1
